[Event "Titled Tuesday Blitz March 14 Late 2023"]
[White "Fan_Of_Chucky"]
[Black "Heinemann, Josefine"]
[BlackFideId "12900460"]
[WhiteElo "2332"]
[BlackElo "2342"]
[Result "1-0"]
[Round "07"]
[TimeControl "180+2"]
[Date "2023.03.14"]
[WhiteClock "0:00:06"]
[BlackClock "0:00:17"]

1. d4 Nf6 2. c4 e6 3. Nf3 c5 4. d5 exd5 5. cxd5 d6 6. Nc3 g6 7. Bf4 a6 8. e4 Bg7 9. Qa4+ Bd7 10. Qb3 Bc8 11. Qa4+ Bd7 12. Qb3 Bc8 13. a4 O-O 14. Be2 Re8 15. Qc2 Qc7 16. O-O Bg4 17. h3 Bxf3 18. Bxf3 Nbd7 19. Ne2 b5 20. axb5 axb5 21. Nc3 Qb6 22. Qe2 b4 23. Nb5 Nxd5 24. Bxd6 Rxa1 25. Rxa1 h5 26. Ra7 N5f6 27. Qc4 Re6 28. e5 Ne8 29. Rxd7 Nxd6 30. Rxd6 Qa5 31. Rxe6 Qa1+ 32. Kh2 fxe6 33. Qxe6+ Kh7 34. Be4 Qxb2 35. Bxg6+ Kh6 36. Bd3+ Kg5 37. Qg6+ Kf4 38. Qf5# 1-0


[Site "https://www.chess.com"]

[Event "Titled Tuesday Blitz March 14 Late 2023"]
[White "Stelmaszyk, Nico"]
[Black "Tagliati, Eleonore"]
[WhiteFideId "16200462"]
[BlackFideId "45172234"]
[WhiteElo "2255"]
[BlackElo "2237"]
[Result "0-1"]
[Round "07"]
[TimeControl "180+2"]
[Date "2023.03.14"]
[WhiteClock "0:00:30"]
[BlackClock "0:00:14"]

1. e4 c5 2. c3 Nf6 3. e5 Nd5 4. Nf3 Nc6 5. Bc4 Nb6 6. Bb3 d6 7. exd6 Qxd6 8. Na3 a6 9. O-O Bf5 10. Bxf7+ Kxf7 11. Qb3+ Nd5 12. Nc4 Qd8 13. Qxb7 Rc8 14. d4 Qc7 15. Qxc6 Qxc6 16. Nce5+ Ke8 17. Nxc6 Rxc6 18. c4 Nb4 19. d5 Rc8 20. Be3 Bd3 21. Rfc1 Nc2 22. Ne5 Bf5 23. g4 Be4 24. f3 Nxe3 25. fxe4 g6 26. h3 Bg7 27. Nd3 Bd4 28. Kh2 Rf8 29. Re1 Nc2 30. Rad1 Nxe1 31. Rxe1 Rb8 32. b3 a5 33. e5 Rf3 34. Nc1 Rf2+ 35. Kg3 Rb2 36. e6 Bf6 37. h4 h6 38. Nd3 Rxa2 39. Nxc5 a4 40. bxa4 Rbb2 41. Ne4 Rg2+ 42. Kf3 Bxh4 43. Rh1 g5 44. c5 Rgb2 45. Ke3 Rxa4 46. Nc3 Ra3 47. Kd3 Rbb3 48. Rc1 Be1 49. Ke4 Bxc3 50. d6 Rb4+ 51. Kf5 Rf4+ 52. Kg6 Rf6+ 53. Kh7 Rxe6 54. dxe7 Kxe7 55. c6 Be5 56. c7 Bxc7 57. Rxc7+ Kf6 58. Kxh6 Rh3# 0-1


[Site "https://www.chess.com"]

[Event "Titled Tuesday Blitz March 14 Late 2023"]
[White "marik_spb"]
[Black "babbilator"]
[WhiteElo "2412"]
[BlackElo "2232"]
[Result "1-0"]
[Round "07"]
[TimeControl "180+2"]
[Date "2023.03.14"]
[WhiteClock "0:00:18"]
[BlackClock "0:00:01"]

1. d4 Nf6 2. c4 e6 3. Nf3 c5 4. g3 cxd4 5. Nxd4 Nc6 6. Bg2 Qb6 7. Nxc6 bxc6 8. O-O d5 9. b3 Be7 10. Nc3 O-O 11. Be3 Qa5 12. Rc1 Ba6 13. cxd5 cxd5 14. Qd4 Rfc8 15. Rfd1 Bb4 16. Bd2 Rc7 17. Nxd5 Nxd5 18. Bxb4 Qb5 19. Rxc7 1-0


[Site "https://www.chess.com"]

[Event "Titled Tuesday Blitz March 14 Late 2023"]
[White "Zamorano, Jorge"]
[Black "Zampronha, Wladimir Camilo"]
[WhiteFideId "173770"]
[BlackFideId "2103087"]
[WhiteElo "2331"]
[BlackElo "2176"]
[Result "1-0"]
[Round "07"]
[TimeControl "180+2"]
[Date "2023.03.14"]
[WhiteClock "0:00:15"]
[BlackClock "0:00:07"]

1. e4 c5 2. Nf3 e6 3. d4 cxd4 4. Nxd4 Nc6 5. Nc3 Qc7 6. Be3 a6 7. Be2 Nf6 8. Nxc6 bxc6 9. O-O d5 10. exd5 exd5 11. Na4 Rb8 12. c4 Bd6 13. h3 O-O 14. Rc1 Re8 15. Bf3 Be6 16. cxd5 Bxd5 17. b3 Bf4 18. Bxd5 Nxd5 19. Bxf4 Nxf4 20. Rc4 Qe5 21. Qf3 Ne2+ 22. Kh1 Nd4 23. Qg3 Qe2 24. Rfc1 Nf5 25. Qf4 g6 26. R4c2 Qe7 27. Rxc6 Rb4 28. R6c4 Rxc4 29. Qxc4 a5 30. Nc5 Qg5 31. Rd1 Nh4 32. Rg1 Re1 33. Qg4 Rxg1+ 34. Kxg1 Qc1+ 35. Kh2 Qxc5 36. Qxh4 Qa3 37. Qa4 Qxa4 38. bxa4 Kg7 39. Kg3 Kf6 40. Kf4 Ke6 41. Ke4 Kd6 42. Kd4 Kc6 43. Kc4 f6 44. f4 h6 45. g3 f5 46. h4 h5 47. a3 Kd6 48. Kb5 Kd5 49. Kxa5 Kc5 50. Ka6 Kc6 51. a5 1-0


[Site "https://www.chess.com"]

[Event "Titled Tuesday Blitz March 14 Late 2023"]
[White "Todev, Simeon"]
[Black "Rodrigues, Tiago Pereira"]
[WhiteFideId "2925133"]
[BlackFideId "2101203"]
[WhiteElo "1938"]
[BlackElo "2168"]
[Result "0-1"]
[Round "07"]
[TimeControl "180+2"]
[Date "2023.03.14"]
[WhiteClock "0:00:03"]
[BlackClock "0:00:28"]

1. e4 c5 2. Nf3 a6 3. c4 e6 4. Nc3 d6 5. d3 Nd7 6. Be3 Ngf6 7. g3 Ng4 8. Bg2 Nxe3 9. fxe3 Be7 10. O-O Qc7 11. Qe2 O-O 12. d4 Rb8 13. Rac1 b5 14. cxb5 axb5 15. Nxb5 Qa5 16. Nc3 Ba6 17. Qf2 Bxf1 18. Rxf1 Qb4 19. Nd1 e5 20. Bh3 Nf6 21. dxe5 Nxe4 22. Qc2 d5 23. e6 f5 24. Ne5 g6 25. Nd7 Qd2 26. Qxd2 Nxd2 27. Rf2 Ne4 28. Rc2 c4 29. Nxf8 Kxf8 30. Bg2 Bg5 31. Bxe4 fxe4 32. h4 Bf6 33. Rd2 Rb5 34. a4 Ra5 35. Nc3 Bxc3 36. bxc3 Ke7 37. Rb2 Rxa4 38. Rb7+ Kxe6 39. Rxh7 Ra3 40. Rg7 Kf6 41. Rd7 Ke5 42. Re7+ Kf5 43. Kg2 Rxc3 44. Rf7+ Ke6 45. Rg7 Kf6 46. Rd7 Rd3 47. g4 c3 48. Rd6+ Kf7 49. Kg3 Rxe3+ 50. Kf4 Rd3 51. Ke5 e3 52. Rd7+ Ke8 53. Ra7 e2 54. Ra8+ Kd7 55. Ra7+ Kc6 56. Ra6+ Kb5 57. Ra1 Rd1 0-1


[Site "https://www.chess.com"]

[Event "Titled Tuesday Blitz March 14 Late 2023"]
[White "Ambartsumova, Karina"]
[Black "Barash, Anton"]
[WhiteFideId "4166299"]
[BlackFideId "30935229"]
[WhiteElo "2300"]
[BlackElo "2334"]
[Result "1-0"]
[Round "07"]
[TimeControl "180+2"]
[Date "2023.03.14"]
[WhiteClock "0:00:04"]
[BlackClock "0:00:01"]

1. e4 e6 2. d4 d5 3. Nc3 Be7 4. Be3 dxe4 5. Nxe4 Nf6 6. Ng3 b6 7. Bb5+ c6 8. Bd3 Ba6 9. c4 O-O 10. N1e2 c5 11. O-O Nc6 12. dxc5 Bxc5 13. Bxc5 bxc5 14. Ne4 Nxe4 15. Bxe4 Bxc4 16. Qc2 Bd5 17. Bxh7+ Kh8 18. Be4 Nd4 19. Qd3 Bxe4 20. Qxe4 Nxe2+ 21. Qxe2 Rb8 22. Rfd1 Qb6 23. b3 Rfd8 24. Rac1 Kg8 25. h4 Rd4 26. g3 Rbd8 27. Qf3 Qa5 28. Rxd4 cxd4 29. a4 d3 30. Rd1 d2 31. h5 Qd5 32. Kg2 Qxf3+ 33. Kxf3 Rd3+ 34. Ke2 Rxb3 35. Rxd2 Ra3 36. Rd4 e5 37. Rb4 f6 38. Kf1 Kh7 39. Kg2 Kh6 40. g4 Kg5 41. f3 f5 42. gxf5 Kxh5 43. Rg4 a5 44. Rxg7 Rxa4 45. f6 Rf4 46. Re7 Rxf6 47. Rxe5+ Kh4 48. Rxa5 Rc6 49. Ra4+ 1-0


[Site "https://www.chess.com"]

[Event "Titled Tuesday Blitz March 14 Late 2023"]
[White "Kraus, Tomas"]
[Black "Kurtz, Eric M"]
[WhiteFideId "331708"]
[BlackFideId "30939763"]
[WhiteElo "2389"]
[BlackElo "2568"]
[Result "0-1"]
[Round "07"]
[TimeControl "180+2"]
[Date "2023.03.14"]
[WhiteClock "0:00:01"]
[BlackClock "0:00:55"]

1. e4 d6 2. d4 Nf6 3. Nc3 g6 4. g3 Bg7 5. Bg2 O-O 6. Nge2 e5 7. O-O c6 8. a4 a5 9. Re1 Na6 10. h3 Nb4 11. Be3 Be6 12. Qd2 Bc4 13. Rad1 Re8 14. b3 Ba6 15. f4 d5 16. fxe5 Nxe4 17. Nxe4 dxe4 18. Bxe4 f6 19. c3 Nd5 20. Bxd5+ Qxd5 21. Nf4 Qxb3 22. exf6 Bxf6 23. Rc1 Re7 24. Nd3 Bxd3 25. Qxd3 Rae8 26. Qd2 Re4 27. Bh6 Bxd4+ 28. Qxd4 Rxe1+ 29. Rxe1 Rxe1+ 30. Kf2 Re7 31. Qd8+ Kf7 32. Qf8+ Ke6 33. Qg8+ Rf7+ 34. Bf4 Qc2+ 35. Kf3 Qd3+ 36. Kf2 Qd7 37. Qb8 Rf5 38. Qg8+ Qf7 39. Qc8+ Kd5 40. Qd8+ Kc4 41. Qd4+ Kb3 42. Qd1+ Kxc3 43. Qd2+ Kb3 44. Qd1+ Kb4 45. Qd2+ Kxa4 46. Qc2+ Kb5 47. Qb2+ Ka6 48. Qe2+ b5 49. Qe3 Qa7 0-1


[Site "https://www.chess.com"]

[Event "Titled Tuesday Blitz March 14 Late 2023"]
[White "Klenburg, Michael"]
[Black "Bach, Matthias"]
[WhiteFideId "14102072"]
[BlackFideId "4603168"]
[WhiteElo "2396"]
[BlackElo "2165"]
[Result "0-1"]
[Round "07"]
[TimeControl "180+2"]
[Date "2023.03.14"]
[WhiteClock "0:00:19"]
[BlackClock "0:01:09"]

1. e4 e5 2. Nf3 Nc6 3. Bb5 Bc5 4. c3 f5 5. d3 Nf6 6. Nbd2 fxe4 7. dxe4 O-O 8. O-O d6 9. Qc2 Qe7 10. b4 Bb6 11. Nc4 Bg4 12. Nxb6 axb6 13. Be2 Nh5 14. h3 Bxf3 15. Bxf3 Rxf3 16. gxf3 Qf7 17. f4 exf4 18. f3 Ne5 19. Kh2 Ng3 20. Rf2 Qf6 21. Qd1 Rf8 22. Kg2 Qg5 23. Kh2 Rf6 24. Qd5+ Kf8 25. Qxb7 Rh6 26. Qc8+ Ke7 27. Qxc7+ Nd7 28. e5 Rxh3+ 29. Kxh3 Qh5+ 0-1


[Site "https://www.chess.com"]

[Event "Titled Tuesday Blitz March 14 Late 2023"]
[White "Delgado Rosas, Fatima Alexandra"]
[Black "Munoz, Francisco Javier"]
[WhiteFideId "6603963"]
[BlackFideId "128368"]
[WhiteElo "2322"]
[BlackElo "2383"]
[Result "0-1"]
[Round "07"]
[TimeControl "180+2"]
[Date "2023.03.14"]
[WhiteClock "0:00:03"]
[BlackClock "0:00:27"]

1. d4 d5 2. c4 e6 3. Nc3 Nf6 4. cxd5 exd5 5. Bg5 c6 6. e3 Nbd7 7. Bd3 h6 8. Bh4 Be7 9. Qc2 Nh5 10. Bxe7 Qxe7 11. Nf3 Nb6 12. O-O Bg4 13. Ne5 Be6 14. f4 Nf6 15. a3 O-O-O 16. b4 Kb8 17. Na4 Nxa4 18. Qxa4 g5 19. Rac1 gxf4 20. exf4 Ng4 21. b5 Nxe5 22. fxe5 cxb5 23. Qxb5 Rc8 24. a4 Rhg8 25. Rb1 Rc7 26. Rf2 Qg5 27. Bf1 Qe3 28. Qb4 Rg4 29. Rd1 Rf4 30. Qd2 Qxf2+ 31. Qxf2 Rxf2 32. Kxf2 Rc2+ 33. Kf3 Ra2 34. Bb5 a6 35. Be8 Kc7 36. Rb1 Kd8 37. Bxf7 Bxf7 38. Rxb7 Be8 39. Kf4 Rxa4 40. e6 Rxd4+ 41. Ke5 Rc4 42. Rh7 d4 43. Kd6 Rc6+ 44. Ke5 d3 0-1


[Site "https://www.chess.com"]

[Event "Titled Tuesday Blitz March 14 Late 2023"]
[White "Santos Flores, Alberto"]
[Black "Kohler, Aran"]
[WhiteFideId "3601234"]
[BlackFideId "1002856"]
[WhiteElo "2235"]
[BlackElo "2253"]
[Result "0-1"]
[Round "07"]
[TimeControl "180+2"]
[Date "2023.03.14"]
[WhiteClock "0:00:20"]
[BlackClock "0:00:17"]

1. e4 e6 2. d4 d5 3. e5 c5 4. c3 Nc6 5. Nf3 Qb6 6. a3 c4 7. Nbd2 Na5 8. Rb1 Bd7 9. g3 Nh6 10. Bh3 g6 11. O-O Nb3 12. Nxb3 Ba4 13. Nfd2 cxb3 14. f4 Nf5 15. Nf3 Be7 16. g4 Ng7 17. f5 gxf5 18. Bh6 Rg8 19. Kh1 O-O-O 20. Bxg7 fxg4 21. Bxg4 Rxg7 22. Bh3 Rdg8 23. Qd2 Bb5 24. Rg1 Rxg1+ 25. Rxg1 Rxg1+ 26. Kxg1 Qd8 27. Qh6 Qg8+ 28. Kf2 Qg6 29. Qxg6 hxg6 30. Ke1 a5 31. Bg4 Bd3 32. h4 b5 33. Ng5 Bxa3 34. Kd2 Bxb2 35. Kxd3 a4 36. Bd1 Kb7 37. Nxf7 Kb6 38. Nh8 Ka5 39. Nxg6 b4 40. cxb4+ Kxb4 41. h5 a3 42. h6 a2 43. h7 a1=Q 44. h8=Q Qxd1+ 45. Ke3 Bc1+ 46. Kf2 Qxd4+ 47. Kg2 Qd2+ 48. Kf1 Qd1+ 49. Kf2 Qd2+ 50. Kf1 Qd3+ 51. Kf2 Qxg6 52. Qb8+ Kc3 53. Qc7+ Kb2 54. Qc5 Qf5+ 55. Ke2 Qxe5+ 56. Kf2 Be3+ 57. Qxe3 Qxe3+ 58. Kxe3 Kc2 0-1


[Site "https://www.chess.com"]

[Event "Titled Tuesday Blitz March 14 Late 2023"]
[White "Gasparyan, David"]
[Black "Abrosimov, Vladimir"]
[WhiteFideId "13311980"]
[BlackFideId "4166892"]
[WhiteElo "2496"]
[BlackElo "2336"]
[Result "1-0"]
[Round "07"]
[TimeControl "180+2"]
[Date "2023.03.14"]
[WhiteClock "0:02:41"]
[BlackClock "0:02:17"]

1. Nf3 d5 2. g3 c6 3. Bg2 Nf6 4. d4 Bf5 5. O-O h6 6. c4 Nbd7 7. cxd5 cxd5 8. Nc3 a6 9. Ne5 e6 10. f3 Bd6 11. e4 dxe4 12. fxe4 Bg4 13. Nxg4 Nxg4 14. Qxg4 Qb6 15. Qxg7 Rf8 16. Be3 Qxb2 17. Rfc1 b5 18. Rab1 Qa3 19. e5 Be7 20. Bxa8 b4 21. Rb3 Qa5 22. Ne4 Qb5 23. Rc8+ Bd8 24. Nd6+ 1-0


[Site "https://www.chess.com"]

[Event "Titled Tuesday Blitz March 14 Late 2023"]
[White "Mendez Machado, Andre"]
[Black "ArchibaldCerveza29"]
[WhiteFideId "6603793"]
[WhiteElo "1984"]
[BlackElo "2491"]
[Result "0-1"]
[Round "07"]
[TimeControl "180+2"]
[Date "2023.03.14"]
[WhiteClock "0:00:01"]
[BlackClock "0:00:35"]

1. e4 e5 2. Nf3 Nc6 3. Bc4 Nf6 4. Ng5 d5 5. exd5 Na5 6. Bb5+ c6 7. dxc6 bxc6 8. Bd3 Nd5 9. Nf3 Bd6 10. O-O O-O 11. Re1 f5 12. Nxe5 Bxe5 13. Rxe5 Qf6 14. Re1 f4 15. Nc3 Qg5 16. Be4 Rf6 17. Qf3 Be6 18. Bxd5 cxd5 19. d3 Nc6 20. Kh1 Rd8 21. Ne2 Rdf8 22. d4 Qh4 23. Bxf4 Rxf4 24. Nxf4 Rxf4 25. Qc3 Nxd4 26. g3 Qh3 27. gxf4 Nf3 28. Qxf3 Qxf3+ 29. Kg1 Bh3 30. Re8+ Kf7 0-1


[Site "https://www.chess.com"]

[Event "Titled Tuesday Blitz March 14 Late 2023"]
[White "Biriukov, Ilja"]
[Black "Tymrakiewicz, Rafal"]
[WhiteFideId "4113373"]
[BlackFideId "1108832"]
[WhiteElo "2426"]
[BlackElo "2151"]
[Result "1-0"]
[Round "07"]
[TimeControl "180+2"]
[Date "2023.03.14"]
[WhiteClock "0:00:20"]
[BlackClock "0:00:03"]

1. c4 c6 2. Nc3 d5 3. e3 g6 4. Nf3 Bg7 5. b3 e5 6. Bb2 d4 7. exd4 exd4 8. Ne4 Bf5 9. Ng3 Be6 10. d3 Ne7 11. Be2 O-O 12. O-O Re8 13. Re1 Nf5 14. Bf1 Nxg3 15. hxg3 a5 16. Qd2 Na6 17. a3 Nc5 18. Qc2 a4 19. b4 Nb3 20. Rad1 b5 21. c5 Qd5 22. Re2 Bg4 23. Rde1 Kf8 24. Rxe8+ Rxe8 25. Rxe8+ Kxe8 26. Qe2+ Kf8 27. Qd1 Bf6 28. Be2 h5 29. Nh2 Bxe2 30. Qxe2 Qg5 31. Nf3 Qd5 32. Ne1 Kg7 33. f4 Nxc5 34. bxc5 Qxc5 35. Qc2 Qd5 36. Nf3 c5 37. Bc1 c4 38. Qb2 c3 39. Qc2 Qb3 40. Ne1 Be7 41. Kf2 b4 42. axb4 Bxb4 43. Kf3 f5 44. Ke2 Bc5 45. Kd1 Bd6 46. Nf3 Bc5 47. Ne5 Qb7 48. Nc4 Qe7 49. Qxa4 h4 50. Qc6 hxg3 51. Qf3 g5 52. Qxg3 g4 53. Qe1 Qxe1+ 54. Kxe1 Kf6 55. Kd1 Be7 56. Kc2 Bc5 57. Ne5 Ba7 58. Kb3 Bb8 59. Nd7+ Ke6 60. Nxb8 Kd5 61. g3 Kd6 62. Na6 Kd5 63. Nb4+ Kc5 64. Nc2 Kd5 65. Ba3 Kc6 66. Kc4 1-0


[Site "https://www.chess.com"]

[Event "Titled Tuesday Blitz March 14 Late 2023"]
[White "Khatena, Moshe"]
[Black "Blanco Acevedo, Cristobal Jose"]
[WhiteFideId "2010461"]
[BlackFideId "3900525"]
[WhiteElo "2220"]
[BlackElo "2278"]
[Result "0-1"]
[Round "07"]
[TimeControl "180+2"]
[Date "2023.03.14"]
[WhiteClock "0:01:36"]
[BlackClock "0:02:00"]

1. e4 c5 2. b3 d6 3. Bb2 Nc6 4. Bb5 Bd7 5. f4 Nf6 6. Qe2 e6 7. Nf3 Be7 8. O-O O-O 9. d3 a6 10. Bxc6 Bxc6 11. Nbd2 b5 12. e5 Nd5 13. g3 Bb7 14. exd6 Qxd6 15. Ne4 Qc6 16. Ne5 Qc7 17. f5 f6 18. Nf3 exf5 19. Ned2 Bd6 20. Qe6+ Kh8 21. Qxf5 Ne3 22. Qh5 Nxf1 23. Rxf1 Rae8 24. Nh4 Kg8 25. Nf5 Be5 26. Bc1 Bd4+ 27. Rf2 Re1+ 28. Nf1 Qc6 0-1


[Site "https://www.chess.com"]

[Event "Titled Tuesday Blitz March 14 Late 2023"]
[White "Fernandez Hernandez, Gerardo"]
[Black "Kielinkei"]
[WhiteFideId "2207400"]
[WhiteElo "2213"]
[BlackElo "2423"]
[Result "0-1"]
[Round "07"]
[TimeControl "180+2"]
[Date "2023.03.14"]
[WhiteClock "0:01:00"]
[BlackClock "0:00:51"]

1. e4 c5 2. d3 Nc6 3. g3 d5 4. Nd2 Nf6 5. Bg2 dxe4 6. dxe4 Bg4 7. f3 Bh5 8. Ne2 e6 9. O-O Be7 10. c3 O-O 11. Nf4 Bg6 12. Nc4 Qc7 13. Qe2 b5 14. Na3 a6 15. Be3 c4 16. Nc2 Rfd8 17. Rad1 Rxd1 18. Rxd1 Rd8 19. Rxd8+ Qxd8 20. Qd2 Qc7 21. Kf2 Ne5 22. Bd4 Bc5 23. Bxc5 Qxc5+ 24. Qe3 Neg4+ 25. fxg4 Nxg4+ 26. Ke2 Nxe3 27. Nxe3 Qd6 28. h4 f6 29. Nxg6 hxg6 30. Kf3 Qd2 0-1


[Site "https://www.chess.com"]

[Event "Titled Tuesday Blitz March 14 Late 2023"]
[White "Davidson, Kevin"]
[Black "Sabar, Ethmane Daouda"]
[WhiteFideId "2056810"]
[BlackFideId "19600097"]
[WhiteElo "2151"]
[BlackElo "1950"]
[Result "1-0"]
[Round "07"]
[TimeControl "180+2"]
[Date "2023.03.14"]
[WhiteClock "0:01:07"]
[BlackClock "0:00:58"]

1. e4 e5 2. Nf3 Nc6 3. Bb5 f5 4. Nc3 fxe4 5. Nxe4 d5 6. Nxe5 dxe4 7. Nxc6 Qg5 8. Qe2 Nf6 9. f4 Qxf4 10. Nxa7+ Kd8 11. Nxc8 Kxc8 12. d4 Qh4+ 13. g3 Qh3 14. Bf4 h6 15. Qc4 c5 16. dxc5 Qf5 17. c6 b6 18. O-O-O Bc5 19. Ba6+ 1-0


[Site "https://www.chess.com"]

[Event "Titled Tuesday Blitz March 14 Late 2023"]
[White "Chan, Kim Yew"]
[Black "Salgado Lopez, Ivan"]
[WhiteFideId "5717981"]
[BlackFideId "2257327"]
[WhiteElo "2206"]
[BlackElo "2571"]
[Result "0-1"]
[Round "07"]
[TimeControl "180+2"]
[Date "2023.03.14"]
[WhiteClock "0:00:02"]
[BlackClock "0:00:04"]

1. e4 c5 2. Nf3 e6 3. d4 cxd4 4. Nxd4 Nc6 5. Nc3 Qc7 6. Be3 a6 7. Qf3 Ne5 8. Qg3 h5 9. h4 Nf6 10. O-O-O d6 11. f3 Bd7 12. Kb1 Rc8 13. Qf2 b5 14. Rc1 Be7 15. Nb3 O-O 16. Bb6 Qb8 17. Ba7 Qc7 18. Bb6 Qb8 19. Na5 Nc4 20. Bxc4 bxc4 21. Rcg1 Bd8 22. Bxd8 Rfxd8 23. g4 Qb4 24. gxh5 Qxa5 25. h6 g6 26. Rg5 Rc5 27. Rhg1 Rxg5 28. Rxg5 Qb4 29. h5 Rb8 30. Nd1 Nxh5 31. Rxh5 gxh5 32. Qg3+ Kf8 33. Qg7+ Ke7 34. Qg5+ f6 35. Qg7+ Kd8 36. h7 Kc7 37. Qxf6 Qe1 38. Qd4 Qg3 39. Qxc4+ Bc6 0-1


[Site "https://www.chess.com"]

[Event "Titled Tuesday Blitz March 14 Late 2023"]
[White "ritanovikova"]
[Black "Buchenau, Frank"]
[BlackFideId "4604350"]
[WhiteElo "2181"]
[BlackElo "2157"]
[Result "1-0"]
[Round "07"]
[TimeControl "180+2"]
[Date "2023.03.14"]
[WhiteClock "0:00:25"]
[BlackClock "0:00:03"]

1. e4 e6 2. d4 d5 3. exd5 exd5 4. Bd3 Nc6 5. c3 Bd6 6. h3 Nge7 7. Nf3 Bf5 8. O-O Qd7 9. Bxf5 Qxf5 10. b4 O-O 11. Re1 Ng6 12. b5 Na5 13. Nbd2 Rae8 14. Rxe8 Rxe8 15. Nf1 Nf4 16. Bxf4 Bxf4 17. Qa4 b6 18. Re1 Rxe1 19. Nxe1 Qb1 20. Nf3 Qb2 21. g3 Bd6 22. Ne3 Qxc3 23. Kg2 Nc4 24. Nxd5 Qc1 25. Qxa7 h6 26. Qb8+ Kh7 27. Qc8 Qc2 28. Qd7 Qg6 29. h4 Qe6 30. Qxe6 fxe6 31. Ne3 Na3 32. Nd2 Nxb5 33. Nb3 Kg6 34. d5 exd5 35. Nxd5 Kf7 36. a4 Na7 37. Nd4 Nc8 38. Nc6 Ke8 39. Kf3 Kd7 40. Nd4 c6 41. Ne3 Bc5 42. Ndf5 Bf8 43. Nc4 b5 44. Ne5+ Kc7 45. a5 Nd6 46. Nd4 c5 47. Ne6+ Kb7 48. Nxf8 Ka6 49. Nd3 c4 50. Nc5+ Kxa5 51. Nfe6 b4 52. Nd4 1-0


[Site "https://www.chess.com"]

[Event "Titled Tuesday Blitz March 14 Late 2023"]
[White "Michalski, Olaf"]
[Black "Pino Perez, Lazaro"]
[WhiteFideId "1106740"]
[BlackFideId "3517055"]
[WhiteElo "2173"]
[BlackElo "2170"]
[Result "0-1"]
[Round "07"]
[TimeControl "180+2"]
[Date "2023.03.14"]
[WhiteClock "0:01:06"]
[BlackClock "0:01:34"]

1. d4 d5 2. c4 e6 3. Nc3 Be7 4. Bf4 Nf6 5. e3 O-O 6. Rc1 b6 7. cxd5 exd5 8. Bd3 c5 9. Nge2 Nc6 10. O-O Bb7 11. dxc5 bxc5 12. Ng3 g6 13. b3 Rc8 14. Na4 Nb4 15. Bb1 Ba6 16. Re1 c4 17. a3 Nd3 18. Bxd3 cxd3 19. b4 Ne4 20. f3 Rxc1 0-1


[Site "https://www.chess.com"]

[Event "Titled Tuesday Blitz March 14 Late 2023"]
[White "Aung Thant Zin"]
[Black "Mickiewicz, Piotr"]
[WhiteFideId "13000063"]
[BlackFideId "1114891"]
[WhiteElo "2278"]
[BlackElo "2246"]
[Result "0-1"]
[Round "07"]
[TimeControl "180+2"]
[Date "2023.03.14"]
[WhiteClock "0:00:32"]
[BlackClock "0:00:19"]

1. e4 c6 2. d4 d5 3. Nc3 dxe4 4. Nxe4 g6 5. Nf3 Bg7 6. Bd3 Bg4 7. c3 Nd7 8. h3 Bxf3 9. Qxf3 Ngf6 10. Nxf6+ Nxf6 11. Bf4 O-O 12. O-O-O Nd5 13. Bd2 a5 14. Kb1 a4 15. a3 b5 16. h4 b4 17. c4 Bxd4 18. cxd5 bxa3 19. Bb4 Qb6 20. bxa3 c5 0-1


[Site "https://www.chess.com"]

[Event "Titled Tuesday Blitz March 14 Late 2023"]
[White "Burke, Paul"]
[Black "Gallegos Diaz, Carlos Alberto"]
[WhiteFideId "2605767"]
[BlackFideId "3900886"]
[WhiteElo "1867"]
[BlackElo "2362"]
[Result "0-1"]
[Round "07"]
[TimeControl "180+2"]
[Date "2023.03.14"]
[WhiteClock "0:00:02"]
[BlackClock "0:00:26"]

1. e4 d6 2. Nc3 Nf6 3. g3 c6 4. Bg2 e5 5. Nge2 Be7 6. O-O O-O 7. h3 Re8 8. d3 b5 9. a3 a6 10. Kh2 h6 11. f4 Bb7 12. f5 d5 13. g4 Nbd7 14. Ng3 a5 15. h4 Nh7 16. exd5 cxd5 17. Nxd5 Bxh4 18. Nf6+ Ndxf6 19. Bxb7 Rb8 20. Bf3 Qc7 21. Ne4 Nxe4 22. dxe4 b4 23. Qe2 Rbc8 24. axb4 axb4 25. Bd2 Qxc2 26. Rfc1 Qxb2 27. Rab1 Qd4 28. Rxb4 Qxb4 29. Rxc8 Qa4 30. Rxe8+ Qxe8 31. Qa6 Bg5 32. Bb4 Bf4+ 33. Kg2 Ng5 0-1


[Site "https://www.chess.com"]

[Event "Titled Tuesday Blitz March 14 Late 2023"]
[White "Manu_ChessExcelsior"]
[Black "Golubka, Petro"]
[BlackFideId "14114224"]
[WhiteElo "2028"]
[BlackElo "2391"]
[Result "0-1"]
[Round "07"]
[TimeControl "180+2"]
[Date "2023.03.14"]
[WhiteClock "0:00:03"]
[BlackClock "0:01:35"]

1. e4 e5 2. Nf3 Nc6 3. Bc4 Nf6 4. Ng5 d5 5. exd5 Nd4 6. c3 b5 7. Bf1 Nxd5 8. cxd4 Qxg5 9. Bxb5+ Kd8 10. Qf3 exd4 11. Bc6 Qe5+ 12. Kd1 Nf6 13. h3 Rb8 14. Re1 Qf5 15. d3 Rb6 16. g4 Qxf3+ 17. Bxf3 Ba6 18. Kc2 Bb4 19. Bd2 Nd7 20. a3 Bxd2 21. Nxd2 Nc5 22. Nc4 Bxc4 23. dxc4 d3+ 24. Kc3 Rb3+ 25. Kd4 Ne6+ 26. Ke3 Rxb2 27. Kxd3 Rxf2 28. Bc6 h5 29. Rab1 Ke7 30. Rb7 hxg4 31. Rxc7+ Kd6 32. Rxa7 Rxh3+ 0-1


[Site "https://www.chess.com"]

[Event "Titled Tuesday Blitz March 14 Late 2023"]
[White "Winslow, Elliott"]
[Black "Guzman Moneo, Alberto"]
[WhiteFideId "2002523"]
[BlackFideId "2209616"]
[WhiteElo "2206"]
[BlackElo "2157"]
[Result "1-0"]
[Round "07"]
[TimeControl "180+2"]
[Date "2023.03.14"]
[WhiteClock "0:00:47"]
[BlackClock "0:01:18"]

1. d4 Nf6 2. c4 c5 3. d5 b5 4. Nf3 d6 5. cxb5 a6 6. b6 g6 7. Nc3 Bg7 8. Nd2 Qxb6 9. Nc4 Qd8 10. a4 O-O 11. a5 Nbd7 12. e4 Rb8 13. Bd3 Ne8 14. Na4 Nc7 15. O-O Nb5 16. Nab6 Nd4 17. Bd2 Ne5 18. Nxe5 Bxe5 19. Bc3 Bd7 20. f4 Bg7 21. Bxa6 Bb5 22. Bxb5 Nxb5 23. Bxg7 Kxg7 24. Qd3 Nd4 25. b4 e6 26. dxe6 fxe6 27. bxc5 dxc5 28. Qc4 Qc7 29. g3 h5 30. Rfc1 Qc6 31. Qxd4+ cxd4 32. Rxc6 h4 33. Kf2 hxg3+ 34. hxg3 Rh8 35. Rd6 Rh2+ 36. Kf3 Rd2 37. Ra4 d3 38. Rad4 Ra2 39. Nc4 Ra4 40. Rd7+ Kh6 41. g4 Rb3 42. g5+ Kh5 43. Rh7# 1-0


[Site "https://www.chess.com"]

[Event "Titled Tuesday Blitz March 14 Late 2023"]
[White "Jimenez, Joaquin"]
[Black "Quispe Santacruz, Javier"]
[WhiteFideId "109860"]
[BlackFideId "3800920"]
[WhiteElo "2163"]
[BlackElo "1875"]
[Result "0-1"]
[Round "07"]
[TimeControl "180+2"]
[Date "2023.03.14"]
[WhiteClock "0:00:41"]
[BlackClock "0:00:10"]

1. c4 Nf6 2. Nc3 d6 3. g3 g6 4. Bg2 Bg7 5. e3 O-O 6. Nge2 c5 7. O-O Nc6 8. Rb1 Bg4 9. h3 Bf5 10. d3 Qd7 11. Kh2 Rac8 12. e4 Be6 13. f4 Nd4 14. Be3 Nxe2 15. Qxe2 a6 16. g4 Bxg4 17. hxg4 Nxg4+ 18. Kg1 Nxe3 19. Rf3 Nxg2 20. Qxg2 Bd4+ 21. Kf1 b5 22. Ne2 bxc4 23. dxc4 Qe6 24. Nxd4 cxd4 25. Qe2 Qxc4 26. Rd3 e5 27. f5 Qc2 28. Re1 Qxe2+ 29. Rxe2 Rc4 30. Ra3 Rc6 31. Rh3 Rb8 32. b3 Rbc8 33. fxg6 hxg6 34. Reh2 Rc1+ 35. Ke2 R1c2+ 36. Kf3 Rxh2 37. Rxh2 Rc3+ 38. Kg4 Kg7 39. Rb2 Re3 40. a4 d3 41. b4 Re2 42. Rb3 Re3 43. Rb2 Rxe4+ 44. Kf3 Rd4 45. Rd2 d5 46. b5 e4+ 47. Ke3 Rxa4 48. bxa6 Rxa6 49. Kd4 Ra5 50. Rf2 f5 51. Rb2 Kf6 52. Rb6+ Kg5 53. Ke3 f4+ 54. Kd4 Ra2 55. Rb5 d2 56. Rxd5+ Kg4 57. Kxe4 f3 58. Ke3 g5 59. Rd8 Kg3 60. Rd5 g4 61. Rd4 f2 62. Ke2 d1=Q+ 63. Kxd1 f1=Q# 0-1


[Site "https://www.chess.com"]